IL
OKLAHOMA CITY DODGERS @ SACRAMENTO RIVER CATS
09/10/2045
 
TOP OF THE 1ST
Oklahoma City Dodgers batting - Pitching for Sacramento River Cats : LHP Adam Ody
Pitching: LHP Adam Ody
Batting: LHB Frank Mullen 0-0: Ball
1-0: Foul Ball, location: 2F
1-1: Ball
2-1: Ball
3-1: Foul Ball, location: 2F
3-2: Base on Balls
Batting: RHB Jeremy Giesler 0-0: Ball
1-0: Ball
2-0: Called Strike
2-1: Ball
3-1: Called Strike
3-2: Fielders Choice at 2nd, 3-6 (Groundball, 34, EV 86.9 MPH)
Batting: RHB David Rodgers 0-0: Foul Ball, location: 2F
0-1: Ball
1-1: Ball
2-1: Ball
3-1: Foul Ball, location: 2F
3-2: Strikes out swinging
Jeremy Giesler steals 2nd, throwing error, E2
Jeremy Giesler to third
Batting: RHB Justin Anastasio 0-0: Ball
1-0: Foul Ball, location: 2F
1-1: Ground out 4-3 (Groundball, 4, EV 88.1 MPH)
Top of the 1st over - 0 runs, 0 hits, 1 error, 1 left on base; Oklahoma City 0 - Sacramento 0
BOTTOM OF THE 1ST
Sacramento River Cats batting - Pitching for Oklahoma City Dodgers : RHP Nate Allen
Pitching: RHP Nate Allen
Batting: LHB Cesar Arteaga 0-0: SINGLE (Groundball, 34D, EV 96.9 MPH)
Batting: RHB Yutaka Oki 0-0: Fielders Choice at 2nd, 5-4 (Groundball, 56, EV 93.8 MPH)
Batting: LHB Carey Horncole 0-0: Ball
1-0: Ball
2-0: Grounds into double play, 6-4-3 (Groundball, 6, EV 85.6 MPH)
Bottom of the 1st over - 0 runs, 1 hit, 0 errors, 0 left on base; Oklahoma City 0 - Sacramento 0
TOP OF THE 2ND
Oklahoma City Dodgers batting - Pitching for Sacramento River Cats : LHP Adam Ody
Batting: LHB Kevin Wiebe 0-0: DOUBLE (Line Drive, 3D, EV 95.6 MPH)
Batting: RHB Alex Mejia 0-0: Fly out, F9 (Flyball, 9D, EV 99.4 MPH)
Batting: LHB Dalton Silveira 0-0: Fly out, F8 (Flyball, 8LXD, EV 90.6 MPH)
Runner from 2nd tags up, SAFE at 3rd, no throw by CF
Batting: RHB Dave Cordero 0-0: Fly out, F3 (Popup, 3S, EV 81.2 MPH)
Top of the 2nd over - 0 runs, 1 hit, 0 errors, 1 left on base; Oklahoma City 0 - Sacramento 0
BOTTOM OF THE 2ND
Sacramento River Cats batting - Pitching for Oklahoma City Dodgers : RHP Nate Allen
Batting: LHB Tom Best 0-0: Called Strike
0-1: Foul Ball, location: 2F
0-2: Foul Ball, location: 2F
0-2: Strikes out swinging
Batting: LHB Kevin Kantor 0-0: Foul Ball, location: 2F
0-1: Ground out 4-3 (Groundball, 34D, EV 108.8 MPH)
Batting: LHB Terry Ebersole 0-0: Ball
1-0: Foul Ball, location: 2F
1-1: Swinging Strike
1-2: Ground out 4-3 (Groundball, 34, EV 100.6 MPH)
Bottom of the 2nd over - 0 runs, 0 hits, 0 errors, 0 left on base; Oklahoma City 0 - Sacramento 0
TOP OF THE 3RD
Oklahoma City Dodgers batting - Pitching for Sacramento River Cats : LHP Adam Ody
Batting: RHB Sean Tanner 0-0: Ball
1-0: Foul Ball, location: 2F
1-1: Swinging Strike
1-2: Strikes out swinging
Batting: LHB Frank Mullen 0-0: Ball
1-0: Foul Ball, location: 2F
1-1: Foul Ball, location: 2F
1-2: Strikes out swinging
Batting: RHB Jeremy Giesler 0-0: Called Strike
0-1: Ball
1-1: Foul Ball, location: 2F
1-2: Foul Ball, location: 2F
1-2: Ball
2-2: Ball
3-2: SINGLE (Groundball, 5S, EV 71.2 MPH) (infield hit)
Batting: RHB David Rodgers 0-0: Called Strike
0-1: Called Strike
0-2: Ball
1-2: Ball
2-2: Strikes out swinging
Top of the 3rd over - 0 runs, 1 hit, 0 errors, 1 left on base; Oklahoma City 0 - Sacramento 0
BOTTOM OF THE 3RD
Sacramento River Cats batting - Pitching for Oklahoma City Dodgers : RHP Nate Allen
Batting: RHB Hugo Zacarias 0-0: Called Strike
0-1: Ball
1-1: Ball
2-1: Foul Ball, location: 2F
2-2: Fly out, F8 (Flyball, 8RS, EV 89.4 MPH)
Batting: RHB Tyler Mapes 0-0: SINGLE (Groundball, 4MD, EV 103.1 MPH)
Batting: RHB Martin Guerrero 0-0: Called Strike
Tyler Mapes steals 2nd base (no throw)
0-1: Foul Ball, location: 2F
0-2: Ball
1-2: Fly out, F8 (Flyball, 89M, EV 96.2 MPH)
Batting: LHB Cesar Arteaga 0-0: Ball
1-0: Ball
2-0: Foul Ball, location: 2F
2-1: Called Strike
2-2: Foul Ball, location: 2F
2-2: Strikes out looking
Bottom of the 3rd over - 0 runs, 1 hit, 0 errors, 1 left on base; Oklahoma City 0 - Sacramento 0
TOP OF THE 4TH
Oklahoma City Dodgers batting - Pitching for Sacramento River Cats : LHP Adam Ody
Batting: RHB Justin Anastasio 0-0: Ground out 5-3 (Groundball, 56S, EV 87.5 MPH)
Batting: LHB Kevin Wiebe 0-0: Ball
1-0: Ball
2-0: Ground out 1-3 (Groundball, 13, EV 68.8 MPH)
Batting: RHB Alex Mejia 0-0: Called Strike
0-1: Ball
1-1: Ball
2-1: Called Strike
2-2: Foul Ball, location: 2F
2-2: Foul Ball, location: 2F
2-2: Fly out, F9 (Flyball, 9D, EV 101.9 MPH)
Top of the 4th over - 0 runs, 0 hits, 0 errors, 0 left on base; Oklahoma City 0 - Sacramento 0
BOTTOM OF THE 4TH
Sacramento River Cats batting - Pitching for Oklahoma City Dodgers : RHP Nate Allen
Batting: RHB Yutaka Oki 0-0: Called Strike
0-1: Ground out 6-3 (Groundball, 6, EV 81.9 MPH)
Batting: LHB Carey Horncole 0-0: Ball
1-0: Called Strike
1-1: Ball
2-1: DOUBLE (Flyball, 78D, EV 95.6 MPH)
Batting: LHB Tom Best 0-0: Called Strike
0-1: Foul Ball, location: 2F
0-2: Foul Ball, location: 2F
0-2: Ball
1-2: Ball
2-2: Hit by Pitch
Batting: LHB Kevin Kantor 0-0: Foul Ball, location: 2F
0-1: Ball
Carey Horncole steals 3rd base
1-1: Ball
2-1: Ball
3-1: Called Strike
3-2: Base on Balls
Tom Best to second
Batting: LHB Terry Ebersole 0-0: Fly out, F7 (Flyball, 78D, EV 104.4 MPH)
Runner from 3rd tags up, SCORES, throw by LF
Batting: RHB Hugo Zacarias 0-0: Ball
1-0: Called Strike
1-1: Fly out, F4 (Line Drive, 4, EV 68.1 MPH)
Bottom of the 4th over - 1 run, 1 hit, 0 errors, 2 left on base; Oklahoma City 0 - Sacramento 1
TOP OF THE 5TH
Oklahoma City Dodgers batting - Pitching for Sacramento River Cats : LHP Adam Ody
Batting: LHB Dalton Silveira 0-0: Called Strike
0-1: Ground out 5-3 (Groundball, 56, EV 88.1 MPH)
Batting: RHB Dave Cordero 0-0: Ball
1-0: Ground out 6-3 (Groundball, 6, EV 78.1 MPH)
Batting: RHB Sean Tanner 0-0: Ball
1-0: Ball
2-0: Called Strike
2-1: Ball
3-1: Called Strike
3-2: Fly out, F8 (Line Drive, 8RD, EV 109.4 MPH)
Top of the 5th over - 0 runs, 0 hits, 0 errors, 0 left on base; Oklahoma City 0 - Sacramento 1
BOTTOM OF THE 5TH
Sacramento River Cats batting - Pitching for Oklahoma City Dodgers : RHP Nate Allen
Batting: RHB Tyler Mapes 0-0: DOUBLE (Line Drive, 9LD, EV 110.6 MPH)
Batting: RHB Martin Guerrero 0-0: Ball
1-0: Ball
2-0: Ball
3-0: Base on Balls
Batting: LHB Cesar Arteaga 0-0: Ball
1-0: Ball
2-0: Foul Ball, location: 2F
2-1: SINGLE (Groundball, 4MS, EV 70.6 MPH) (infield hit)
Tyler Mapes to third
Martin Guerrero to second
Batting: RHB Yutaka Oki 0-0: Called Strike
0-1: Called Strike
0-2: Ball
1-2: Strikes out swinging
Batting: LHB Carey Horncole 0-0: Swinging Strike
0-1: Ball
1-1: SINGLE (Line Drive, 4MD, EV 98.8 MPH)
Tyler Mapes scores
Martin Guerrero to third
Cesar Arteaga to second
Batting: LHB Tom Best 0-0: Ball
1-0: Fly out, F8 (Line Drive, 8RM, EV 92.5 MPH)
Batting: LHB Kevin Kantor 0-0: Fielders Choice at 2nd, 5-4 (Groundball, 5, EV 91.9 MPH)
Bottom of the 5th over - 1 run, 3 hits, 0 errors, 3 left on base; Oklahoma City 0 - Sacramento 2
TOP OF THE 6TH
Oklahoma City Dodgers batting - Pitching for Sacramento River Cats : LHP Adam Ody
Batting: LHB Frank Mullen 0-0: Called Strike
0-1: Ground out 5-3 (Groundball, 5S, EV 82.5 MPH)
Batting: RHB Jeremy Giesler 0-0: Ground out 3-1 (Groundball, 13, EV 91.2 MPH)
Batting: RHB David Rodgers 0-0: Called Strike
0-1: Foul Ball, location: 2F
0-2: Ball
1-2: Ball
2-2: Ball
3-2: Base on Balls
Batting: RHB Justin Anastasio 0-0: Foul Ball, location: 2F
0-1: Foul Ball, location: 2F
0-2: Foul Ball, location: 2F
0-2: Fly out, F4 (Popup, 3D, EV 55.0 MPH)
Top of the 6th over - 0 runs, 0 hits, 0 errors, 1 left on base; Oklahoma City 0 - Sacramento 2
BOTTOM OF THE 6TH
Sacramento River Cats batting - Pitching for Oklahoma City Dodgers : RHP Nate Allen
Batting: LHB Terry Ebersole 0-0: Ball
1-0: SINGLE (Groundball, 4MD, EV 105.6 MPH)
Batting: RHB Hugo Zacarias 0-0: Called Strike
0-1: Foul Ball, location: 2F
0-2: Ball
1-2: Foul Ball, location: 2F
1-2: Ball
2-2: Ground out 6-3 (Groundball, 6S, EV 65.0 MPH)
Terry Ebersole to second
Batting: RHB Tyler Mapes 0-0: Foul Ball, location: 2F
0-1: Ball
1-1: Ground out 1-3 (Groundball, 34S, EV 71.2 MPH)
Terry Ebersole to third
Batting: RHB Martin Guerrero 0-0: Foul Ball, location: 2F
0-1: Ball
1-1: Ball
2-1: Foul Ball, location: 2F
2-2: Foul Ball, location: 2F
2-2: Foul Ball, location: 2F
2-2: Foul Ball, location: 2F
2-2: Foul Ball, location: 2F
2-2: Foul Ball, location: 2F
2-2: Ground out 5-3 (Groundball, 56, EV 106.2 MPH)
Bottom of the 6th over - 0 runs, 1 hit, 0 errors, 1 left on base; Oklahoma City 0 - Sacramento 2
TOP OF THE 7TH
Oklahoma City Dodgers batting - Pitching for Sacramento River Cats : LHP Adam Ody
Batting: LHB Kevin Wiebe 0-0: Ball
1-0: Ground out 3-1 (Groundball, 34, EV 104.4 MPH)
Batting: RHB Alex Mejia 0-0: Ball
1-0: Ball
2-0: Ball
3-0: Called Strike
3-1: Fly out, F4 (Line Drive, 4, EV 71.2 MPH)
Batting: LHB Dalton Silveira 0-0: Called Strike
0-1: Swinging Strike
0-2: Ball
1-2: Strikes out looking
Top of the 7th over - 0 runs, 0 hits, 0 errors, 0 left on base; Oklahoma City 0 - Sacramento 2
BOTTOM OF THE 7TH
Sacramento River Cats batting - Pitching for Oklahoma City Dodgers : RHP Nate Allen
Batting: LHB Cesar Arteaga 0-0: Fly out, F7 (Flyball, 7S, EV 80.6 MPH)
Batting: RHB Yutaka Oki 0-0: Called Strike
0-1: Ball
1-1: Ground out 5-3 (Groundball, 5, EV 83.8 MPH)
Batting: LHB Carey Horncole 0-0: Ground out 1-3 (Groundball, 34S, EV 74.4 MPH)
Bottom of the 7th over - 0 runs, 0 hits, 0 errors, 0 left on base; Oklahoma City 0 - Sacramento 2
TOP OF THE 8TH
Oklahoma City Dodgers batting - Pitching for Sacramento River Cats : LHP Adam Ody
Batting: RHB Dave Cordero 0-0: Ball
1-0: Swinging Strike
1-1: Ball
2-1: Swinging Strike
2-2: Ground out 1-3 (Groundball, 23, EV 63.8 MPH)
Batting: RHB Sean Tanner 0-0: Swinging Strike
0-1: Ball
1-1: Ball
2-1: Foul Ball, location: 2F
2-2: Strikes out looking
Batting: LHB Frank Mullen 0-0: Ball
1-0: Called Strike
1-1: Called Strike
1-2: Foul Ball, location: 2F
1-2: Fly out, F6 (Flyball, 6D, EV 86.9 MPH)
Top of the 8th over - 0 runs, 0 hits, 0 errors, 0 left on base; Oklahoma City 0 - Sacramento 2
BOTTOM OF THE 8TH
Sacramento River Cats batting - Pitching for Oklahoma City Dodgers : RHP Nate Allen
Pitching: LHP Chris Mobley
Batting: LHB Tom Best 0-0: Foul Ball, location: 2F
0-1: Ball
1-1: Foul Ball, location: 2F
1-2: Strikes out swinging
Batting: LHB Kevin Kantor 0-0: Swinging Strike
0-1: Ground out 6-3 (Groundball, 6, EV 86.2 MPH)
Batting: LHB Terry Ebersole 0-0: Ball
1-0: Called Strike
1-1: SINGLE (Line Drive, 4M, EV 98.8 MPH)
Pitching: LHP J.P. Blair
Batting: RHB Hugo Zacarias 0-0: Called Strike
0-1: Ball
1-1: Swinging Strike
1-2: Strikes out swinging
Bottom of the 8th over - 0 runs, 1 hit, 0 errors, 1 left on base; Oklahoma City 0 - Sacramento 2
TOP OF THE 9TH
Oklahoma City Dodgers batting - Pitching for Sacramento River Cats : LHP Adam Ody
Pitching: RHP Pat Richardson
Batting: RHB Jeremy Giesler 0-0: Called Strike
0-1: SINGLE (Groundball, 4MD, EV 100.0 MPH)
Pinch Hitting: LHB Alberto Chavez 0-0: Foul Ball, location: 2F
0-1: Ball
1-1: Swinging Strike
1-2: Fly out, F9 (Flyball, 9LM, EV 89.4 MPH)
Batting: RHB Justin Anastasio 0-0: Called Strike
0-1: Ball
1-1: Ball
2-1: Fly out, F7 (Flyball, 78D, EV 89.4 MPH)
Batting: LHB Kevin Wiebe 0-0: Ball
1-0: Foul Ball, location: 2F
1-1: Called Strike
1-2: Foul Ball, location: 2F
1-2: Ground out 4-3 (Groundball, 4S, EV 79.4 MPH)
Top of the 9th over - 0 runs, 1 hit, 0 errors, 1 left on base; Oklahoma City 0 - Sacramento 2
Wednesday, June 22nd , 2022 - OOTP Baseball 23.4 Build 64